 Dungeon Crawl Stone Soup version 0.31-a0-232-gb1c03b2570 (webtiles) character file.

Game seed: 11363563160450956612

409 qw the Shooter (level 6, 0/52 HPs)
             Began as a Minotaur Hexslinger on July 7, 2023.
             Slain by an orc
             ... wielding a +0 war axe of flaming
              (6 damage)
             ... on level 5 of the Dungeon.
             The game lasted 00:01:08 (3752 turns).

qw the Shooter (Minotaur Hexslinger)                Turns: 3752, Time: 00:01:09

Health: 0/52       AC:  7    Str:  9 (12) XL:     6   Next: 58%
Magic:  6/6        EV: 10    Int:  8 (10) God:
Gold:   241        SH:  0    Dex: 14 (15) Spells: 6/7 levels left

rFire   + . .        Y - +1 sling (drain)
rCold   . . .        (no shield)
rNeg    . . .        l - +0 ring mail
rPois   .            (helmet restricted)
rElec   .            (no cloak)
rCorr   .            c - +0 pair of gloves
SInv    .            f - +0 pair of boots
Will    .....        (no amulet)
Stlth   +            g - ring of protection from fire
HPRegen 0.28/turn    (no ring)
MPRegen 0.10/turn

%: no passive effects
@: about to teleport
A: horns 2, retaliatory headbutt
a: no special abilities


You were on level 5 of the Dungeon.
You visited 1 branch of the dungeon, and saw 5 of its levels.

You collected 321 gold pieces.
You spent 80 gold pieces at shops.


Innate Abilities, Weirdness & Mutations

You have a pair of horns on your head.
You reflexively headbutt those who attack you in melee.


   Skills:
 - Level 4.2 Fighting
 + Level 6.6 Ranged Weapons
 - Level 1.4 Armour
 - Level 2.1 Dodging
 - Level 1.0 Spellcasting
 - Level 2.0 Hexes


You had 6 spell levels left.
You knew the following spells:

 Your Spells              Type           Power      Damage    Failure   Level
a - Slow                  Hex            12%        N/A       43%         1

Your spell library contained the following spells:

 Spells                   Type           Power      Damage    Failure   Level
 Inner Flame              Hex/Fire       2%         N/A       91%         3
 Portal Projectile        Hex/Tloc       4%         N/A       91%         3
 Cause Fear               Hex            1%         N/A       99%         4

Inventory:

Hand Weapons
 Y - a +1 sling of draining (weapon)
Armour
 c - a +0 pair of gloves (worn)
 f - a +0 pair of boots (worn)
 l - a +0 ring mail (worn)
Jewellery
 g - a ring of protection from fire (left hand)
Scrolls
 h - 2 scrolls of identify
 i - 3 scrolls of teleportation
Potions
 b - a potion of heal wounds {unknown}
 d - a potion of might
 e - 3 potions of resistance
 j - 2 potions of cancellation
 m - a potion of mutation {unknown}

Dungeon Overview and Level Annotations

Branches:
Dungeon (5/15)
 Temple: D:4-7

Altars:
Ru

Shops:
D:1 ?


Message History

An orc wizard comes into view. It is wielding a +0 dagger.
You shoot a sling bullet.
The sling bullet completely misses the orc.
The orc wizard shouts!
You hear a shout!
The orc wizard casts a spell.
The orc wizard flickers and vanishes!
The orc hits you with a +0 hand axe.
You shoot a sling bullet.
The sling bullet closely misses the orc.
Something hits you. The orc hits you but does no damage.
The orc hits you with a +0 hand axe.
You shoot a sling bullet. The sling bullet hits the orc.
You kill the orc!
You hear some strange, mumbled words.
A magic dart appears from out of thin air!
The magic dart hits you! The orc hits you with a +0 morningstar.
You shoot a sling bullet.
The sling bullet closely misses the orc.
Something hits you but does no damage.
An orc comes into view. It is wielding a +0 hand axe.
The orc barely misses you.
The orc hits you with a +0 war axe of flaming.
The orc burns you. The orc misses you.
The orc hits you with a +0 war axe of flaming!
The orc burns you.
You shoot a sling bullet. The sling bullet hits the orc.
The orc is moderately wounded.
The orc hits you with a +0 war axe of flaming!
The orc burns you.
Something barely misses the orc.
The orc barely misses you.
3751 ||| READING 4 scrolls of teleportation.
As you read the scroll of teleportation, it crumbles to dust.
You feel strangely unstable. The orc misses you.
The orc hits you with a +0 war axe of flaming.
The orc burns you.
You shoot a sling bullet.
The sling bullet closely misses the orc.
Something barely misses the orc.
The orc closely misses you.
The orc hits you with a +0 war axe of flaming.
You die...

....)...#.......
........#.......
........#....#
......:.#....#####
........'.........
........#.........
........##...##.. #
####.....#...##....
#.....#.@o......
#.....#.o)......
#.....#......... ..8
#...#.....#......... ..
#...#.....#.........
.####...#.....#....o....
.#.##...#.....######....
.#.#....#.....# ....
.#.#....#.....#


You could see 3 orcs.

Vanquished Creatures
  A water moccasin (D:4)
  A scorpion (D:4)
  An orc priest (D:4)
  2 iguanas (D:4)
  A gnoll (D:1)
  6 adders
  A worm (D:2)
  5 dart slugs
  9 orcs
  5 ball pythons
  2 bats
  6 endoplasms
  5 giant cockroaches
  7 goblins
  7 hobgoblins
  3 jackals (D:2)
  5 quokkas
  6 frilled lizards
  6 kobolds
  5 rats
84 creatures vanquished.

Notes
Turn   | Place    | Note
-------+----------+-------------------------------------------
     0 | D:1      | qw the Minotaur Hexslinger began the quest for the Orb.
     0 | D:1      | Reached XP level 1. HP: 16/16 MP: 1/1
     0 | D:1      | 0 ||| qw: Version: 0.3-a-46-gb1f654a
     0 | D:1      | 0 ||| qw: Game counter: 2293
     0 | D:1      | 0 ||| qw: Melee chars always use a shield: true
     0 | D:1      | 0 ||| qw: God list: Okawaru
     0 | D:1      | 0 ||| qw: Allow faded altars: false
     0 | D:1      | 0 ||| qw: Do Orc after clearing Dungeon:15 true
     0 | D:1      | 0 ||| qw: Do second Lair branch before Depths: true
     0 | D:1      | 0 ||| qw: Lair rune preference: random
     0 | D:1      | 0 ||| qw: Goals: Normal
     0 | D:1      | 0 ||| PLANNING D:1-11
   121 | D:1      | Reached skill level 3 in Ranged Weapons
   121 | D:1      | Reached XP level 2. HP: 8/23 MP: 2/2
   370 | D:1      | Found a faded altar of an unknown god.
   417 | D:1      | Reached XP level 3. HP: 23/29 MP: 3/3
   586 | D:1      | Found Esican's Magic Scroll Shoppe.
   614 | D:1      | 614 ||| BUYING scroll of identify (20 gold).
   614 | D:1      | Bought a scroll of identify for 20 gold pieces
   614 | D:1      | 614 ||| BUYING scroll of teleportation (30 gold).
   614 | D:1      | Bought a scroll of teleportation for 30 gold pieces
   614 | D:1      | 614 ||| BUYING scroll of teleportation (30 gold).
   614 | D:1      | Bought a scroll of teleportation for 30 gold pieces
   724 | D:1      | 724 ||| UPGRADING to +0 leather armour.
   734 | D:1      | 734 ||| DROPPING +0 robe.
   735 | D:1      | 735 ||| UPGRADING to +0 pair of boots.
   740 | D:1      | 740 ||| UPGRADING to ring of protection from fire.
   741 | D:1      | 741 ||| DROPPING +6 ring of intelligence.
   742 | D:1      | 742 ||| DRINKING 2 bubbling sapphire potions.
   743 | D:1      | 743 ||| READING 2 scrolls of identify.
   743 | D:1      | 743 ||| IDENTIFYING metallic blue potion
   744 | D:1      | 744 ||| DROPPING scroll of poison.
   762 | D:2      | Found a sacrificial altar of Ru.
   767 | D:2      | Reached skill level 4 in Ranged Weapons
   881 | D:2      | You fall into a shaft and drop 1 floor!
  1159 | D:3      | 1159 ||| UPGRADING to +0 ring mail.
  1169 | D:3      | 1169 ||| DROPPING +0 leather armour.
  1170 | D:3      | 1170 ||| READING scroll labelled SAHOIKH MUFU.
  1171 | D:3      | 1171 ||| READING scroll labelled ZECKAFYDWISU.
  1172 | D:3      | 1172 ||| READING 2 scrolls of identify.
  1172 | D:3      | 1172 ||| IDENTIFYING glowing inky potion
  1173 | D:3      | 1173 ||| DROPPING potion of brilliance.
  1206 | D:2      | Reached XP level 4. HP: 36/36 MP: 4/4
  1398 | D:2      | Reached skill level 1 in Armour
  2120 | D:2      | 2120 ||| READING scroll labelled VAJUYQ ONUSCH.
  2121 | D:2      | 2121 ||| READING scroll labelled KAXECK ZUZECI.
  2122 | D:2      | 2122 ||| READING scroll labelled SONAD NELL.
  2660 | D:4      | Reached skill level 5 in Ranged Weapons
  2729 | D:4      | Reached skill level 3 in Fighting
  2729 | D:4      | Reached XP level 5. HP: 45/45 MP: 5/5
  2828 | D:4      | Noticed a water moccasin
  2838 | D:4      | Killed a water moccasin
  2839 | D:4      | Reached skill level 6 in Ranged Weapons
  2839 | D:4      | Reached XP level 6. HP: 50/51 MP: 6/6
  3453 | D:4      | 3453 ||| UPGRADING to +0 pair of gloves.
  3458 | D:4      | 3458 ||| DROPPING ring of flight.
  3459 | D:4      | 3459 ||| DRINKING 3 cyan potions.
  3460 | D:4      | 3460 ||| DRINKING 2 fizzy inky potions.
  3461 | D:4      | 3461 ||| DROPPING potion of degeneration.
  3497 | D:5      | Entered Level 5 of the Dungeon
  3750 | D:5      | HP: 12/52 [orc/+0 war axe of flaming (7)]
  3751 | D:5      | 3751 ||| READING 4 scrolls of teleportation.
  3751 | D:5      | HP: 5/52 [orc/+0 war axe of flaming (1)]
  3752 | D:5      | Slain by an orc

Levels and vault maps discovered:
D:1:      moated_graveyard_arrival, layout_loops_cross,
          shapermc_ecumenical_altar_acropolis, serial_shops,
          nicolae_shop_tiny_glass, minmay_misc_feat_five
D:2:      layout_basic, basic_altar
D:3:      layout_basic
D:4:      cheibrodos_pilgrimage, layout_loops_cross, corner_web_ring,
          feat_on_display
D:5:      layout_gridville, eino_curves_01, nicolae_elevator_lobby_asterisk

Skill      XL: |  1  2  3  4  5  6 |
---------------+-------------------+-----
Ranged Weapons | 3 4 5 6 |  6.6
Fighting       | 2 3 4 |  4.2
Armour         | 1 |  1.4
Dodging        | |  2.1
Spellcasting   | |  1.0
Hexes          | |  2.0

Action                     |  1- 3 |  4- 6 || total
---------------------------+-------+-------++-------
   Fire: Sling             |   101 |   153 ||   254
    Use: Scroll            |     4 |     4 ||     8
         Potion            |     1 |     2 ||     3
 Armour: Robe              |     3 |       ||     3
         Leather armour    |     2 |       ||     2
         Ring mail         |     1 |    24 ||    25
  Dodge: Dodged            |    24 |    41 ||    65

Table legend:
 A = Non-vault XP
 B = Vault XP
 C = Vault XP percentage of total XP
 D = Non-vault monster count
 E = Vault monster count
 F = Vault count percentage of total count
                 A         B        C        D         E       F
            +---------+---------+-------+---------+---------+-------
      Total |     532 |      53 |   9.1 |      79 |       5 |   6.0
            +---------+---------+-------+---------+---------+-------
        D:1 |      48 |       0 |   0.0 |      20 |       0 |   0.0
        D:2 |      74 |       0 |   0.0 |      19 |       0 |   0.0
        D:3 |      27 |       0 |   0.0 |      17 |       0 |   0.0
        D:4 |     370 |      53 |  12.5 |      19 |       5 |  20.8
        D:5 |      13 |       0 |   0.0 |       4 |       0 |   0.0
            +---------+---------+-------+---------+---------+-------
